 Dungeon Crawl Stone Soup version 0.19.0 (webtiles) character file.

46 Danakh the Charmwright (level 3, -3/24 HPs)
             Began as a Halfling Skald on Nov 3, 2016.
             Slain by a gnoll
             ... wielding a +0 spear
              (7 damage)
             ... on level 2 of the Dungeon.
             The game lasted 00:02:35 (718 turns).

Danakh the Charmwright (Halfling Skald)              Turns: 718, Time: 00:02:36

Health: -3/24      AC:  3    Str: 13 (14) XL:     3   Next: 95%
Magic:  5/5        EV: 13    Int:  9 (10) God:
Gold:   65         SH:  0    Dex: 11 (13) Spells: 1 memorised, 4 levels left

rFire  . . .     SeeInvis .     a - +0 falchion
rCold  . . .     Gourm    .     b - +0 leather armour
rNeg   . . .     Faith    .     (shield restricted)
rPois  .         Spirit   .     (no helmet)
rElec  .         Reflect  .     (no cloak)
rCorr  .         Harm     .     (no gloves)
MR     .....                    (no boots)
Stlth  +.........               (no amulet)
                                (no ring)
                                (no ring)

@: lethally poisoned (-3 -> -5)
A: mutation resistance 1
a: no special abilities


You were on level 2 of the Dungeon.
You were not hungry.

You visited 1 branch of the dungeon, and saw 2 of its levels.

You collected 65 gold pieces.

Inventory:

Hand Weapons
 a - a +0 falchion (weapon)
Armour
 b - a +0 leather armour (worn)
Jewellery
 h - an uncursed ring of ice
 n - an uncursed ring of protection from magic {unknown}
Scrolls
 g - a scroll of recharging {unknown}
 i - a scroll of identify {unknown}
 l - a scroll of remove curse {unknown}
Potions
 o - a potion of lignification {unknown}
Books
 c - a book of Battle

   Spells                             Type                      Level
   a - Infusion                       Charms                       1
   b - Shroud of Golubria             Charms/Translocation         2
   c - Song of Slaying                Charms                       2
   d - Spectral Weapon                Hexes/Charms                 3
   e - Regeneration                   Charms/Necromancy            3
Comestibles
 d - a bread ration
 f - 3 meat rations
 k - a royal jelly


   Skills:
 + Level 2.0 Fighting
 + Level 2.7 Long Blades
 + Level 1.4 Armour
 + Level 1.4 Dodging
 + Level 1.6 Spellcasting
 + Level 4.0 Charms


You had 4 spell levels left.
You knew the following spells:

 Your Spells              Type           Power        Failure   Level  Hunger
a - Infusion              Chrm           #...         12%         1    ##.....


Dungeon Overview and Level Annotations

Branches:
Dungeon (2/15)

Altars:


Innate Abilities, Weirdness & Mutations

You are small and have problems with some larger weapons.
You are somewhat resistant to further mutation.


Message History

* * * LOW HITPOINT WARNING * * *
The jackal barely misses you.
You hit the jackal.
You kill the jackal!
A giant cockroach comes into view.
You hit the gnoll.
The gnoll is heavily wounded.
You feel sick. The gnoll barely misses you. The gnoll closely misses you.
You hit the gnoll.
The gnoll is heavily wounded.
The gnoll hits you from afar with a spear.
* * * LOW HITPOINT WARNING * * *
The gnoll hits you but does no damage.
It was a potion of mutation.
You feel extremely strange. The gnoll completely misses you.
The gnoll misses you.
It was a potion of degeneration.
There was something very wrong with that liquid.
You feel weakened.
You feel dopey.
You feel clumsy.
The gnoll hits you from afar with a spear!
You die...

#.# . #...##.# #.#
#. #....... #.#
#(####...##.# #r#
...###.####< ##.##
#.###.# ## .....
#.....# #
#.##.###.##### #
#.##.....#########
#@####............
#.### #g#
#.###########
......#g####.####
. #...gs.(...r.# #
#.......#.##.#
#.......#..[ >.
#.......####g###
............ ..
###......$.## ##


You could see 3 gnolls, a giant cockroach and a rat.

Vanquished Creatures
  A gnoll (D:2)
  An adder (D:2)
  2 dart slugs (D:1)
  A bat (D:1)
  A giant cockroach (D:1)
  5 goblins
  2 hobgoblins (D:1)
  2 jackals (D:2)
  2 kobolds (D:1)
  8 rats
25 creatures vanquished.

Notes
Turn   | Place    | Note
-------+----------+-------------------------------------------
     0 | D:1      | Danakh the Halfling Skald began the quest for the Orb.
     0 | D:1      | Reached XP level 1. HP: 14/14 MP: 3/3
    46 | D:1      | Reached XP level 2. HP: 18/19 MP: 4/4
   602 | D:1      | Reached skill level 4 in Charms
   602 | D:1      | Reached XP level 3. HP: 24/24 MP: 5/5
   703 | D:2      | HP: 1/24 [poisoned by an adder]
   718 | D:2      | Slain by a gnoll

Skill      XL: |  1  2  3 |
---------------+----------+-----
Charms         | 4 |  4.0
Fighting       | 2 |  2.0
Long Blades    | |  2.7
Armour         | |  1.4
Dodging        | |  1.4
Spellcasting   | |  1.6

Action                   || total
-------------------------++-------
Melee: Falchion          ||    67
 Cast: Infusion          ||     1
  Use: Potion            ||     3
 Stab: Sleeping          ||     1
Armor: Leather armour    ||    17
Dodge: Dodged            ||    66
       Rpst.: Falchion   ||    20
